AoeStats
← [GG] Shevchenko 7

MegaRandom

509440896Analyzed
2v2 RM · 6d ago on Sep 26, 2026· 43m 37s· 4 players
Game mode
Random Map
Map size
Medium (4 player)
Population
200
Speed
Normal
Resources
Standard
Victory
Conquest
Starting age
Dark Age
Ending age
Imperial Age
RankedLock teamsTeams togetherTeam positionsShared explorationLock speedFull tech treeHidden civsTurbo modeCheats
Victory
Defeat
🇧🇷 Japanese · Brazil
993
+15
🇧🇷 Franks · Brazil
944
+17
🇩🇪 Romans · Germany
984
-17
🇩🇪 Teutons · Germany
944
-15
noHotkeys
0:33 Loom
12:19 Feudal Age
12:58 Double-Bit Axe
14:25 Wheelbarrow
13:38 Horse Collar
16:10 Fletching
21:08 Castle Age
21:54 Bodkin Arrow
22:19 Hand Cart
24:31 Heavy Plow
28:24 Town Watch
31:24 Squires
31:20 Pikeman
32:56 Scale Mail Armor
34:48 Ironclad
35:39 Chain Mail Armor
43:59 Imperial Age
42:12 Man-at-Arms
42:38 Gambesons
Lord_xy2
9:21 Loom
11:44 Feudal Age
12:30 Double-Bit Axe
12:26 Horse Collar
12:49 Gold Mining
19:01 Wheelbarrow
21:24 Castle Age
19:40 Stone Mining
25:52 Ballistas
28:43 Ballistics
36:47 Bow Saw
[GG] Trezeguet
11:10 Feudal Age
10:25 Loom
16:34 Castle Age
25:22 Gold Mining
33:01 Imperial Age
36:22 Forging
36:12 Scale Mail Armor
36:03 Fletching
36:14 Padded Archer Armor
[GG] Shevchenko 7
8:45 Loom
11:40 Feudal Age
14:54 Scale Barding Armor
15:00 Forging
20:55 Scale Mail Armor
24:01 Castle Age
23:21 Double-Bit Axe
23:46 Fletching
23:57 Padded Archer Armor
25:49 Husbandry
27:23 Leather Archer Armor
27:04 Bodkin Arrow
30:54 Wheelbarrow
30:32 Crossbowman
31:42 Bow Saw
33:02 Hand Cart
33:43 Chain Barding Armor
38:37 Imperial Age
43:26 Scale Mail Armor
44:09 Plate Barding Armor
44:10 Iron Casting
43:20 Elite Skirmisher
Connection lost

Rejoining the realm…

Still unreachable

The connection could not be restored.

Session expired

The server has moved on; the page needs a fresh start.